 Dungeon Crawl Stone Soup version 0.26.1-2-gb8aa6d0cf2 (webtiles) character file.

Game seed: 13572681493938044973

19 sizableburger the Grasshopper (level 2, 0/26 HPs)
             Began as a Naga Warper on Mar 1, 2021.
             Slain by a goblin
             ... wielding a +0 club
              (2 damage)
             ... on level 1 of the Dungeon.
             The game lasted 00:01:18 (432 turns).

sizableburger the Grasshopper (Naga Warper)          Turns: 432, Time: 00:01:19

Health: 0/26       AC:  2    Str: 13    XL:     2   Next: 75%
Magic:  5/5        EV:  9    Int: 13    God:
Gold:   17         SH:  0    Dex: 10    Spells: 5/5 levels left

rFire    . . .     SeeInvis +   a - +0 spear
rCold    . . .     Faith    .   (no shield)
rNeg     . . .     Spirit   .   b - +0 leather armour
rPois    +         Reflect  .   (no helmet)
rElec    .         Harm     .   (no cloak)
rCorr    .         Rampage  .   (no gloves)
Will     .....                  (no barding)
Stlth    +.........             (no amulet)
HPRegen  0.08/turn              (no ring)
MPRegen  0.09/turn              (no ring)

@: short of breath, very slow
A: large, see invisible, deformed body, poison resistance, slowness 2, spit
poison 1, AC +0
a: Spit Poison


You were on level 1 of the Dungeon.
You visited 1 branch of the dungeon, and saw 1 of its levels.

You collected 17 gold pieces.

Inventory:

Hand Weapons
 a - a +0 spear (weapon)
Missiles
 e - 2 boomerangs of dispersal (quivered)
Armour
 b - a +0 leather armour (worn)
Scrolls
 c - a scroll of immolation {unknown}
 d - a scroll of blinking


   Skills:
 - Level 2.0 Fighting
 + Level 2.6 Polearms
 - Level 1.1 Throwing
 + Level 1.4 Armour
 - Level 1.5 Dodging
 - Level 2.0 Spellcasting
 - Level 3.0 Translocations


You had 5 spell levels left.
You didn't know any spells.
Your spell library contained the following spells:

 Spells                   Type           Power        Failure   Level
 Blink                    Tloc           N/A          14%         2
 Gell's Gravitas          Tloc           4%           28%         3
 Lesser Beckoning         Tloc           4%           28%         3
 Teleport Other           Tloc           9%           28%         3
 Passage of Golubria      Tloc           N/A          67%         4


Dungeon Overview and Level Annotations

Branches:
Dungeon (1/15)

Altars:


Innate Abilities, Weirdness & Mutations

You cannot wear boots.
Your serpentine skin is tough. (AC +0)
You have supernaturally acute eyesight. (SInv)
Armour fits poorly on your strangely shaped body.
Your system is resistant to poisons. (rPois)
You cover ground very slowly.
You can spit poison.


Message History

The goblin hits you with a +0 club.
You miss the goblin.
The goblin is moderately wounded.
The goblin hits you with a +0 club.
* * * LOW HITPOINT WARNING * * *
Press: ? - help, Shift-Dir - straight line, f - goblin
Aim: a goblin, wielding a +0 club (moderately wounded)
The splash of poison misses the goblin.
The splash of poison hits the bat!
The bat is poisoned.
You kill the bat!
The goblin hits you with a +0 club.
* * * LOW HITPOINT WARNING * * *
You aren't carrying any potions.
Throw: 3 boomerangs (disperse)
Press: ? - help, Q - select action, (/) - cycle Shift-Dir - straight line, f/p - goblin
Aim: a goblin, wielding a +0 club (moderately wounded, 47% to hit)
You throw a boomerang of dispersal.
The boomerang of dispersal misses the goblin.
The goblin hits you with a +0 club.
You die...

#.# ##.####### #
......... #.#####......#
.#.........##.#
...........##.#
....(......##.#
...........##.#####
..>........g@.....##
.......######.###..#
##.#.#........# ##.#
#...... # #.#........#
#.## #...... #
#.#......# #..# #......
#.#.##########.###......
# .................
#######.###†.....
#.†##....#


You could see a goblin.

Vanquished Creatures
  A gnoll (D:1)
  3 bats (D:1)
  A goblin (D:1)
  2 hobgoblins (D:1)
  2 frilled lizards (D:1)
9 creatures vanquished.

Notes
Turn   | Place    | Note
-------+----------+-------------------------------------------
     0 | D:1      | sizableburger the Naga Warper began the quest for the Orb.
     0 | D:1      | Reached XP level 1. HP: 19/19 MP: 3/3
    14 | D:1      | Reached skill level 1 in Throwing
   194 | D:1      | Reached skill level 1 in Armour
   400 | D:1      | Reached XP level 2. HP: 26/26 MP: 5/5
   432 | D:1      | Slain by a goblin

Illustrated notes

Levels and vault maps discovered:
D:1:      mrwooster_arrival_statue_2, layout_basic, serial_glass,
          glass_columns_c, glass_columns_b

Skill      XL: |  1 |
---------------+----+-----
Throwing       | 1 |  1.1
Armour         | 1 |  1.4
Fighting       | |  2.0
Polearms       | |  2.6
Dodging        | |  1.5
Spellcasting   | |  2.0
Translocations | |  3.0

Action                   || total
-------------------------++-------
Melee: Spear             ||    26
Throw: Boomerang         ||     3
 Abil: Spit Poison       ||     8
Armor: Leather armour    ||     6
Dodge: Dodged            ||    13
